 Dungeon Sprint DCSS version 0.30-a0-989-g0d87f670db (webtiles) character file.

Game seed: 143433889087097264

4623 domi the Imperceptible (level 10, -1/52 (66) HPs)
             Began as a Vine Stalker Enchanter on Apr 3, 2023.
             Was an Elder of Uskayaw.
             Slain by a necrophage (5 damage)
             ... in the Dungeon (Sprint I: "Red Sonja").
             The game lasted 00:04:29 (324 turns).

domi the Imperceptible (Vine Stalker Enchanter)      Turns: 324, Time: 00:04:29

HP:   -1/52 (66)    AC:  2    Str: 11    XL:     10   Next: 42%
MP:   0/19          EV: 12    Int: 19    God:    Uskayaw [****..]
Gold: 936           SH:  0    Dex: 15    Spells: 5/13 levels left

rFire   . . .      SeeInvis .    j - +0 dagger (venom)
rCold   . . .      Faith    .    (no shield)
rNeg    . . .      Spirit   +    b - +0 robe
rPois   .          Reflect  .    (no helmet)
rElec   .          Rampage  .    (no cloak)
rCorr   .          NoTele   +    (no gloves)
Will    +....                    (no boots) Stlth
                                 (no amulet)
HPRegen 1.08/turn                (no ring)
MPRegen 0.16/turn                (no ring)

@: berserking, heavily drained, very quick
A: fangs 3, regeneration 1, magic shield, antimagic bite, no potion heal 2
a: Renounce Religion, Stomp, Line Pass


You were in the Dungeon.
You worshipped Uskayaw.
Uskayaw was aware of your devotion.
You visited 1 branch You collected 936 gold pieces.

Inventory:

Hand Weapons
 a - a +1 dagger
 j - a +0 dagger of venom (weapon)
   (You took it off Sonja in the Dungeon)
Missiles
 i - 3 curare-tipped darts {=f}
Armour
 b - a +0 robe (worn)
Magical Staves
 k - a staff of death {rN+}
   (You found it in the Dungeon)
 m - a staff of poison {rPois}
   (You found it in the Dungeon)
Jewellery
 c - a ring of ice {rC+, rF-}
   (You found it in the Dungeon)
Wands
 e - a wand of quicksilver (10)
   (You took it off Ijyb in the Dungeon)
Scrolls
 h - a scroll of blinking
 l - a scroll of fog {unknown}
Potions
 d - 4 potions of curing {@q1}
 f - a potion of magic
 g - 3 potions of berserk rage {!q!q}


   Skills:
 + Level 0.4 Fighting
 - Level 0.8 Short Blades
 + Level 1.7 Dodging
 + Level 23.4 Stealth
 - Level 2.1 Spellcasting
 - Level 10.0 Hexes
 - Level 5.0 Ice Magic
 + Level 11.2 Invocations


You had 5 spell levels left.
You knew the following spells:

 Your Spells              Type           Power      Damage    Failure   Level
x - Tukima's Dance        Hex            40%        N/A       1%          3
z - Ensorcelled Hibernat  Hex/Ice        60%        N/A       1%          2
Z - Confusing Touch       Hex            40%        N/A       1%          3

Your spell library contained the following spells:

 Spells                   Type           Power      Damage    Failure   Level
 Dazzling Flash           Conj/Hex       42%        N/A       6%          3
 Portal Projectile        Hex/Tloc       42%        N/A       6%          3
 Leda's Liquefaction      Hex/Erth       10%        N/A       22%         4
 Call Canine Familiar     Summ           2%         N/A       45%         3


Dungeon Overview and Level Annotations

Branches:
Dungeon (1/1)

Altars:
Cheibriados
Dithmenos
Elyvilon
Fedhas
Gozag
Hepliaklqana
Kikubaaqudgha
Makhleb
Nemelex Xobeh
Okawaru
Qazlal
Ru
Sif Muna
Trog
Uskayaw
Vehumet
Wu Jian
Xom
Yredelemnul
Zin
The Shining One
Jiyva
Lugonu

Shops:
D =[


Innate Abilities, Weirdness & Mutations

You have razor-sharp teeth.
Your natural rate of healing is unusually fast.
When hurt, damage is shared between your health and your magic reserves.
Your bite disrupts and absorbs the magic of your enemies.
Potions cannot restore your health.


Message History

The jelly moves out of view. x3
There is an open door here.
The helpless floating eye fails to defend itself.
You skewer the floating eye like a kebab!!!!
You kill the floating eye! 4 jellies come into view.
Uskayaw prepares the audience for your solo!
A necrophage comes into view. 2 necrophages come into view.
The jelly is no longer paralysed. x3
The helpless jelly fails to defend itself.
You perforate the jelly like a sieve!!!!
You kill the jelly!
The jelly is no longer paralysed.
Uskayaw will force your foes to share their pain.
Uskayaw links your audience in an emotional bond!
Your Invocations skill increases to level 11! 2 necrophages come into view.
The jelly is no longer paralysed. x3
The helpless jelly fails to defend itself.
You stick the jelly like a pincushion!!!!
The jelly quivers. x3
You kill the jelly! x5
The jelly closely misses you.
You hit the jelly.
Your hands burn!
The jelly hits you.
You are splashed with acid!
You hit the jelly.
You kill the jelly!
You barely miss the necrophage. You bite the necrophage. You drain its power.
You feel invigorated. The necrophage completely misses you.
You hit the necrophage. Your bite misses the necrophage.
The necrophage hits you.
You feel drained. The necrophage barely misses you.
You barely miss the necrophage. You bite the necrophage. You drain its power.
You feel invigorated.
The necrophage is no longer sharing its pain. x2
The necrophage misses you.
You hit the necrophage.
You bite the necrophage, but do no damage.
The necrophage is no longer sharing its pain.
The necrophage hits you but does no damage.
The necrophage barely misses you.
You hit the necrophage. You bite the necrophage. You drain its power.
The necrophage closely misses you. x3
You can now merge with and destroy a victim.
You hit the necrophage but do no damage.
The necrophage hits you but does no damage.
The necrophage hits you.
A necrophage opens the gate.
The necrophage hits you.
You feel drained.
Okay, then.
You stomp with the beat, sending a shockwave through the revellers around you!
You destroy the necrophage!
You can no longer merge with and destroy a victim.
The necrophage barely misses you.
Your life force feels restored.
Unknown command.
You hit the necrophage.
The necrophage hits you but does no damage.
The necrophage hits you.
You feel drained. The necrophage misses you. Something hits you.
Deactivating autopickup; reactivate with Ctrl-A.
You barely miss the necrophage. Your bite misses the necrophage.
Something hits you. The necrophage hits you. x2
The necrophage barely misses you. The necrophage hits you.
You hit the necrophage. You punch the necrophage.
Your bite misses the necrophage. The necrophage closely misses you.
The necrophage hits you.
You feel drained. The necrophage hits you.
You feel drained. The necrophage barely misses you.
Something hits you but does no damage. Magic courses through your body.
Something hits you!
* * * LOW HITPOINT WARNING * * *
The necrophage hits you.
* * * LOW HITPOINT WARNING * * *
The necrophage barely misses you. The necrophage hits you.
* * * LOW HITPOINT WARNING * * *
You feel drained. The necrophage closely misses you.
Really quaff
g - 4 potions of berserk rage {!q!q}?
A red film seems to cover your vision as you go berserk!
You feel yourself moving faster!
You feel mighty! Something hits you. The necrophage hits you.
* * * LOW HITPOINT WARNING * * *
You feel drained.
* * * LOW HITPOINT WARNING * * *
The necrophage hits you but does no damage.
The necrophage closely misses you. The necrophage barely misses you.
Unknown command.
You hit the necrophage. You bite the necrophage.
You destroy the necrophage!
Something hits you!
* * * LOW HITPOINT WARNING * * *
The necrophage hits you.
* * * LOW HITPOINT WARNING * * *
You feel drained. The necrophage misses you. The necrophage hits you!
You die...

#_..__##_.#'##'#####'###
#_____###'#.#[[§.###.'$#
#########.####'###[###$#
+...'.....'[∩##†#
#.†.###########$#
###.###... #.#
#.#'#.#... +§#
#.....#'''######§#
#.....#..n@.§§.#§#
#######..n.n§§#§§#
?(?......§§####
[(.......~~#
.......~~~## ##..~~~~###
+######+


You could see 3 necrophages.

Vanquished Creatures
  2 centaur warriors (D)
  Sonja (D)
  A deep troll (D)
  An oklob plant (D)
  2 kobold demonologists (D)
  A hornet (D)
  Sigmund (D)
  A slime creature (D)
  A yak (D)
  2 redbacks (D)
  2 floating eyes (D)
  An ogre (D)
  2 necrophages (D)
  8 jellies (D)
  Ijyb (D)
  A ballistomycete spore (D)
28 creatures vanquished.

Vanquished Creatures (others)
  A ballistomycete spore (D)
1 creature vanquished.

Grand Total: 29 creatures vanquished

Notes
Turn   | Place    | Note
-------+----------+-------------------------------------------
     0 | D        | domi the Vine Stalker Enchanter began the quest for the
                  | Orb.
     0 | D        | Reached XP level 1. HP: 9/9 MP: 4/4
     5 | D        | Noticed Ijyb
    10 | D        | Killed Ijyb
    11 | D        | Reached skill level 6 in Stealth
    11 | D        | Reached skill level 5 in Hexes
    11 | D        | Reached XP level 2. HP: 13/13 MP: 6/6
    11 | D        | Reached XP level 3. HP: 16/16 MP: 7/7
    13 | D        | Noticed an ogre
    17 | D        | Killed an ogre
    18 | D        | Reached skill level 9 in Stealth
    18 | D        | Reached skill level 7 in Hexes
    18 | D        | Gained mutation: Your natural rate of healing is unusually
                  | fast. [Vine Stalker growth]
    18 | D        | Reached XP level 4. HP: 21/21 MP: 8/8
    19 | D        | Noticed Sigmund
    22 | D        | Killed Sigmund
    23 | D        | Reached skill level 11 in Stealth
    23 | D        | Reached skill level 9 in Hexes
    23 | D        | Reached XP level 5. HP: 24/24 MP: 9/9
    23 | D        | Reached XP level 6. HP: 28/28 MP: 10/10
    31 | D        | Found a burning altar of Makhleb.
    31 | D        | Found a viscous altar of Jiyva.
    31 | D        | Found a shimmering altar of Xom.
    31 | D        | Found a corrupted altar of Lugonu.
    31 | D        | Noticed a slime creature
    41 | D        | Killed a slime creature
    42 | D        | Reached skill level 14 in Stealth
    42 | D        | Reached skill level 10 in Hexes
    54 | D        | Noticed a kobold demonologist
    54 | D        | Noticed a floating eye
    55 | D        | Noticed a kobold demonologist
    60 | D        | Noticed a chaos spawn
    61 | D        | Killed a floating eye
    62 | D        | Reached skill level 15 in Stealth
    62 | D        | Reached XP level 7. HP: 32/32 MP: 11/11
    67 | D        | Killed a kobold demonologist
    68 | D        | Reached skill level 17 in Stealth
    73 | D        | Noticed a ynoxinul
    76 | D        | Killed a kobold demonologist
    77 | D        | Reached skill level 18 in Stealth
    77 | D        | Gained mutation: You have razor-sharp teeth. [Vine Stalker
                  | growth]
    77 | D        | Reached XP level 8. HP: 33/36 MP: 8/12
    78 | D        | Noticed a demonic crawler
    78 | D        | Noticed a demonic crawler
    78 | D        | Noticed a demonic crawler
    78 | D        | Noticed a demonic crawler
   109 | D        | Learned a level 2 spell: Ensorcelled Hibernation
   113 | D        | Learned a level 3 spell: Confusing Touch
   117 | D        | Learned a level 3 spell: Tukima's Dance
   119 | D        | Found an ornate altar of the Wu Jian Council.
   119 | D        | Found a shimmering blue altar of Sif Muna.
   121 | D        | Found a radiant altar of Vehumet.
   126 | D        | Reached skill level 19 in Stealth
   126 | D        | Reached skill level 1 in Ice Magic
   127 | D        | Found Ethi Tim's Jewellery Emporium.
   127 | D        | Found an ancient bone altar of Kikubaaqudgha.
   127 | D        | Found a hazy altar of Hepliaklqana.
   127 | D        | Found a stormy altar of Qazlal.
   127 | D        | Found a hide-covered altar of Uskayaw.
   127 | D        | Found a blossoming altar of Fedhas.
   127 | D        | Found a bloodstained altar of Trog.
   127 | D        | Found an iron altar of Okawaru.
   127 | D        | Found a basalt altar of Yredelemnul.
   127 | D        | Found a glowing golden altar of the Shining One.
   127 | D        | Found a snail-covered altar of Cheibriados.
   127 | D        | Found a sacrificial altar of Ru.
   127 | D        | Found a glowing silver altar of Zin.
   127 | D        | Found a shadowy altar of Dithmenos.
   127 | D        | Found a white marble altar of Elyvilon.
   127 | D        | Noticed a yak
   128 | D        | Found an opulent altar of Gozag.
   129 | D        | Killed a yak
   130 | D        | Reached skill level 3 in Ice Magic
   166 | D        | Found a sparkling altar of Nemelex Xobeh.
   169 | D        | Became a worshipper of Uskayaw the Reveller
   174 | D        | Noticed Sonja
   178 | D        | Killed Sonja
   178 | D        | Reached * piety under Uskayaw
   179 | D        | Reached skill level 20 in Stealth
   179 | D        | Reached skill level 5 in Ice Magic
   179 | D        | Reached skill level 4 in Invocations
   179 | D        | Reached XP level 9. HP: 39/39 MP: 13/13
   233 | D        | Noticed a deep troll
   237 | D        | Killed a deep troll
   237 | D        | Reached ** piety under Uskayaw
   238 | D        | Reached skill level 6 in Invocations
   249 | D        | Found Rahasu's Armour Emporium.
   265 | D        | Noticed a centaur warrior
   266 | D        | Noticed a centaur warrior
   268 | D        | Killed a centaur warrior
   269 | D        | Reached skill level 21 in Stealth
   269 | D        | Reached skill level 8 in Invocations
   269 | D        | Killed a centaur warrior
   269 | D        | Reached *** piety under Uskayaw
   270 | D        | Reached skill level 22 in Stealth
   270 | D        | Reached skill level 9 in Invocations
   270 | D        | Reached XP level 10. HP: 44/44 MP: 14/18
   284 | D        | Noticed an oklob plant
   286 | D        | Killed an oklob plant
   287 | D        | Reached skill level 10 in Invocations
   293 | D        | Reached skill level 23 in Stealth
   307 | D        | Reached **** piety under Uskayaw
   308 | D        | Reached skill level 11 in Invocations
   316 | D        | Reached ***** piety under Uskayaw
   322 | D        | HP: 9/40 [necrophage (2)]
   324 | D        | HP: 4/54 [necrophage (2)]
   324 | D        | Slain by a necrophage

Illustrated notes

Levels and vault maps discovered:
D:        dungeon_sprint_1 [red_sonja_temple_1, red_sonja_temple_small_1]

Skill      XL: |  1  2  3  4  5  6  7  8  9 10 |
---------------+-------------------------------+-----
Stealth        | 6 9 11 15 18 20 22 23 | 23.4
Hexes          | 5 7 9 10 | 10.0
Ice Magic      | 5 |  5.0
Invocations    | 4 9 11 | 11.2
Fighting       | |  0.4
Short Blades   | |  0.8
Dodging        | |  1.7
Spellcasting   | |  2.1

Action                     |  1- 3 |  4- 6 |  7- 9 | 10-12 || total
---------------------------+-------+-------+-------+-------++-------
  Melee: Dagger            |     6 |    13 |    22 |    19 ||    60
         Bite              |     2 |     4 |     6 |     5 ||    17
         Punch             |       |     1 |       |     1 ||     2
   Cast: Ensorcelled Hiber |       |       |       |     1 ||     1
 Invoke: Stomp             |       |       |       |     1 ||     1
    Use: Potion            |     2 |     1 |       |     2 ||     5
   Stab: Invisible         |     3 |       |     2 |       ||     5
         Sleeping          |     1 |     2 |     7 |     7 ||    17
 Armour: Robe              |       |       |       |     5 ||     5
  Dodge: Dodged            |     3 |     3 |     6 |    19 ||    31

Table legend: (Time is in decaauts)
 A = Elapsed time spent in this place.
 B = Non-inter-level travel time spent in this place.
 C = Inter-level travel time spent in this place.
 D = Time resting spent in this place.
 E = Time spent auto-exploring this place.
 F = Levels seen in this place.
 G = Mean time per level.
                   A        B        C        D        E       F      G
               +--------+--------+--------+--------+--------+-----+--------+
         Total |    301 |    301 |      0 |      0 |      0 |   1 |  301.0 |
       Dungeon |    301 |    301 |      0 |      0 |      0 |   1 |  301.0 |
               +--------+--------+--------+--------+--------+-----+--------+

Top non-repeatable levels by time:
       D: 301 daAuts

Table legend:
 A = Kills in this place as a percentage of kills in the entire game.
 B = Kills by you in this place as a percentage of kills by you in the entire game.
 C = Kills by friends in this place as a percentage of kills by friends in the entire game.
 D = Other kills in this place as a percentage of other kills in the entire game.
 E = Experience gained in this place as a percentage of experience gained in the entire game.
 F = Experience gained in this place divided by the number of levels of this place that you have seen.
                   A       B       C       D       E      F
               +-------+-------+-------+-------+-------+----------------------
         Total | 100.0 | 100.0 |   N/A |   N/A | 100.0 | 6697.0
       Dungeon | 100.0 | 100.0 |   N/A |   N/A | 100.0 | 6697.0
               +-------+-------+-------+-------+-------+----------------------
